BSA
AUSTIN RIVER SHARKS @ VISTA PANTHERS
07/24/2027
 
TOP OF THE 1ST
Austin River Sharks batting - Pitching for Vista Panthers : RHP Dave Jackson
Pitching: RHP Dave Jackson
Batting: RHB Eric Neal 0-0: Ball
1-0: Ball
2-0: Called Strike
2-1: SINGLE (Groundball, 56D)
Batting: RHB Carlos Guzmán 0-0: Ball
1-0: Ball
2-0: Called Strike
2-1: Grounds into double play, 5-4-3 (Groundball, 56)
Batting: SHB Juan Castro 0-0: Ball
1-0: Ball
2-0: Ball
3-0: Base on Balls
Batting: LHB Pedro Zaragoza 0-0: Ball
1-0: Foul Ball, location: 2F
1-1: Fly out, F7 (Line Drive, 7D)
Top of the 1st over - 0 run(s), 1 hit(s), 0 error(s), 1 left on base; Austin 0 - Vista 0
BOTTOM OF THE 1ST
Vista Panthers batting - Pitching for Austin River Sharks : LHP Francisco Pérez
Pitching: LHP Francisco Pérez
Batting: RHB John Mendelson 0-0: Called Strike
0-1: Ball
1-1: Ball
2-1: Ball
3-1: Ground out 5-3 (Groundball, 56S)
Batting: RHB Roberto Cruz 0-0: SINGLE (Groundball, 56D)
Batting: LHB Bob Cunningham 0-0: Called Strike
0-1: Foul Ball, location: 2F
0-2: Ball
1-2: Ball
2-2: Fly out, F8 (Line Drive, 8RM)
Batting: RHB Cisco Gatán 0-0: Ball
1-0: Ball
2-0: Ball
3-0: Called Strike
3-1: Foul Ball, location: 2F
3-2: Foul Ball, location: 2F
3-2: Base on Balls
Roberto Cruz to second
Batting: LHB Donovan Bird 0-0: Called Strike
0-1: Ball
1-1: Ball
2-1: Ball
3-1: DOUBLE (Flyball, 8LXD)
Roberto Cruz scores
Cisco Gatán to third
Runner from 3rd tries for Home, SAFE, no throw
Batting: RHB Salvador Salas 0-0: Called Strike
0-1: Ball
1-1: Ball
2-1: Ball
3-1: Foul Ball, location: 2F
3-2: Base on Balls
Batting: LHB Francisco Marino 0-0: Ball
1-0: Foul Ball, location: 2F
1-1: Ball
2-1: Called Strike
2-2: Ground out U3 (Groundball, 34)
Bottom of the 1st over - 2 run(s), 2 hit(s), 0 error(s), 2 left on base; Austin 0 - Vista 2
TOP OF THE 2ND
Austin River Sharks batting - Pitching for Vista Panthers : RHP Dave Jackson
Batting: RHB Kenneth Roberts 0-0: Ball
1-0: Ball
2-0: Fly out, F5 (Popup, 56)
Batting: LHB Harry Pitts 0-0: Ball
1-0: Ball
2-0: Foul Ball, location: 2F
2-1: Ball
3-1: Foul Ball, location: 2F
3-2: Strikes out swinging
Batting: LHB Terry Maloney 0-0: Foul Ball, location: 2F
0-1: Swinging Strike
0-2: Ball
1-2: Foul Ball, location: 2F
1-2: Foul Ball, location: 2F
1-2: Hit by Pitch
Batting: RHB Clark Hodge 0-0: Ball
1-0: Called Strike
1-1: Called Strike
1-2: Ball
2-2: Strikes out looking
Top of the 2nd over - 0 run(s), 0 hit(s), 0 error(s), 1 left on base; Austin 0 - Vista 2
BOTTOM OF THE 2ND
Vista Panthers batting - Pitching for Austin River Sharks : LHP Francisco Pérez
Batting: SHB Mark Wells 0-0: Ball
1-0: Foul Ball, location: 2F
1-1: Foul Ball, location: 2F
1-2: Fly out, F5 (Popup, 5S)
Batting: RHB Justin Burgess 0-0: Foul Ball, location: 2F
0-1: Called Strike
0-2: SINGLE (Line Drive, 8RS)
Batting: RHB John Mendelson 0-0: Ball
1-0: Called Strike
1-1: Ball
2-1: Ball
3-1: Foul Ball, location: 2F
3-2: Base on Balls
Justin Burgess to second
Batting: RHB Roberto Cruz 0-0: Called Strike
0-1: Ball
1-1: Ball
2-1: Ball
3-1: Base on Balls
Justin Burgess to third
John Mendelson to second
Batting: LHB Bob Cunningham 0-0: Ball
1-0: Ball
2-0: Ball
3-0: Called Strike
3-1: Base on Balls
Justin Burgess scores
John Mendelson to third
Roberto Cruz to second
Batting: RHB Cisco Gatán 0-0: Ball
1-0: Ball
2-0: Ball
3-0: Called Strike
3-1: Base on Balls
John Mendelson scores
Roberto Cruz to third
Bob Cunningham to second
Batting: LHB Donovan Bird 0-0: Called Strike
0-1: Foul Ball, location: 2F
0-2: Ball
1-2: Ball
2-2: Foul Ball, location: 2F
2-2: Ball
3-2: Base on Balls
Roberto Cruz scores
Bob Cunningham to third
Cisco Gatán to second
Batting: RHB Salvador Salas 0-0: Ball
1-0: Ball
2-0: Fly out, F9 (Flyball, 89D)
Runner from 3rd tags up, SCORES, no throw
Pitching: LHP António Coronado
Batting: LHB Francisco Marino 0-0: Called Strike
0-1: Foul Ball, location: 2F
0-2: Ball
1-2: Ball
2-2: Ball
3-2: Foul Ball, location: 2F
3-2: Foul Ball, location: 2F
3-2: Base on Balls
Cisco Gatán to third
Donovan Bird to second
Batting: SHB Mark Wells 0-0: Called Strike
0-1: Foul Ball, location: 2F
0-2: Ball
1-2: Foul Ball, location: 2F
1-2: Ball
2-2: SINGLE (Flyball, 78S)
Cisco Gatán scores
Donovan Bird to third
Francisco Marino to second
Runner from 3rd tries for Home, SAFE, no throw
Pitching: LHP António Bueno
Batting: RHB Justin Burgess 0-0: SINGLE (Groundball, 34D)
Francisco Marino to third
Mark Wells to second
Runner from 3rd tries for Home, throw and OUT!
Bottom of the 2nd over - 6 run(s), 3 hit(s), 0 error(s), 2 left on base; Austin 0 - Vista 8
TOP OF THE 3RD
Austin River Sharks batting - Pitching for Vista Panthers : RHP Dave Jackson
Batting: SHB Juan Acevado 0-0: Ball
1-0: Called Strike
1-1: Foul Ball, location: 2F
1-2: Strikes out looking
Batting: RHB Eric Neal 0-0: Called Strike
0-1: Swinging Strike
0-2: Ball
1-2: Foul Ball, location: 2F
1-2: Ball
2-2: Ground out 5-3 (Groundball, 5S)
Batting: RHB Carlos Guzmán 0-0: Ground out 5-3 (Groundball, 56S)
Top of the 3rd over - 0 run(s), 0 hit(s), 0 error(s), 0 left on base; Austin 0 - Vista 8
BOTTOM OF THE 3RD
Vista Panthers batting - Pitching for Austin River Sharks : LHP António Bueno
Batting: RHB John Mendelson 0-0: Foul Ball, location: 2F
0-1: Ball
1-1: Ball
2-1: Called Strike
2-2: SINGLE (Line Drive, 4M)
Batting: RHB Roberto Cruz 0-0: Grounds into double play, 6-4-3 (Groundball, 6)
Batting: LHB Bob Cunningham 0-0: Called Strike
0-1: Ball
1-1: Ground out U3 (Groundball, 34S)
Bottom of the 3rd over - 0 run(s), 1 hit(s), 0 error(s), 0 left on base; Austin 0 - Vista 8
TOP OF THE 4TH
Austin River Sharks batting - Pitching for Vista Panthers : RHP Dave Jackson
Batting: SHB Juan Castro 0-0: Called Strike
0-1: Called Strike
0-2: Ball
1-2: Ground out 4-3 (Groundball, 4)
Batting: LHB Pedro Zaragoza 0-0: Ball
1-0: Swinging Strike
1-1: Ball
2-1: Called Strike
2-2: Ball
3-2: Foul Ball, location: 2F
3-2: Base on Balls
Batting: RHB Kenneth Roberts 0-0: Called Strike
0-1: Called Strike
0-2: Grounds into double play, 6-4-3 (Groundball, 6)
Top of the 4th over - 0 run(s), 0 hit(s), 0 error(s), 0 left on base; Austin 0 - Vista 8
BOTTOM OF THE 4TH
Vista Panthers batting - Pitching for Austin River Sharks : LHP António Bueno
Batting: RHB Cisco Gatán 0-0: Ball
1-0: Called Strike
1-1: Swinging Strike
1-2: Strikes out swinging
Batting: LHB Donovan Bird 0-0: Called Strike
0-1: Fly out, F7 (Flyball, 7LSF)
Batting: RHB Salvador Salas 0-0: Ball
1-0: Ball
2-0: Fly out, F9 (Flyball, 9S)
Bottom of the 4th over - 0 run(s), 0 hit(s), 0 error(s), 0 left on base; Austin 0 - Vista 8
TOP OF THE 5TH
Austin River Sharks batting - Pitching for Vista Panthers : RHP Dave Jackson
Batting: LHB Harry Pitts 0-0: Called Strike
0-1: Ball
1-1: Ball
2-1: Ball
3-1: Swinging Strike
3-2: Foul Ball, location: 2F
3-2: Foul Ball, location: 2F
3-2: Foul Ball, location: 2F
3-2: Base on Balls
Batting: LHB Terry Maloney 0-0: Grounds into double play, 6-4-3 (Groundball, 6)
Batting: RHB Clark Hodge 0-0: Called Strike
0-1: Called Strike
0-2: SINGLE (Groundball, 56S) (infield hit)
Batting: SHB Juan Acevado 0-0: Ball
1-0: Ball
2-0: Called Strike
2-1: Ball
3-1: Fly out, F7 (Flyball, 7LSF)
Top of the 5th over - 0 run(s), 1 hit(s), 0 error(s), 1 left on base; Austin 0 - Vista 8
BOTTOM OF THE 5TH
Vista Panthers batting - Pitching for Austin River Sharks : LHP António Bueno
Batting: LHB Francisco Marino 0-0: Ball
1-0: Swinging Strike
1-1: Ball
2-1: Called Strike
2-2: Ball
3-2: Foul Ball, location: 2F
3-2: Strikes out swinging
Batting: SHB Mark Wells 0-0: Ball
1-0: Ball
2-0: SINGLE (Line Drive, 56D)
Batting: RHB Justin Burgess 0-0: Ball
1-0: Swinging Strike
1-1: Foul Ball, location: 2F
1-2: Foul Ball, location: 2F
1-2: Strikes out swinging
Mark Wells is caught stealing 2nd base
Batter strikes out.
Bottom of the 5th over - 0 run(s), 1 hit(s), 0 error(s), 0 left on base; Austin 0 - Vista 8
TOP OF THE 6TH
Austin River Sharks batting - Pitching for Vista Panthers : RHP Dave Jackson
Batting: RHB Eric Neal 0-0: Ball
1-0: Swinging Strike
1-1: Ground out 6-3 (Groundball, 6)
Batting: RHB Carlos Guzmán 0-0: Called Strike
0-1: Called Strike
0-2: Foul Ball, location: 2F
0-2: Fly out, F8 (Flyball, 8RD)
Batting: SHB Juan Castro 0-0: Called Strike
0-1: Ball
1-1: Swinging Strike
1-2: Ball
2-2: Ball
3-2: Strikes out swinging
Top of the 6th over - 0 run(s), 0 hit(s), 0 error(s), 0 left on base; Austin 0 - Vista 8
BOTTOM OF THE 6TH
Vista Panthers batting - Pitching for Austin River Sharks : LHP António Bueno
Batting: RHB John Mendelson 0-0: Ball
1-0: Ball
2-0: Ball
3-0: Base on Balls
Batting: RHB Roberto Cruz 0-0: SINGLE (Line Drive, 56D)
John Mendelson to second
Batting: LHB Bob Cunningham 0-0: Ball
1-0: Called Strike
1-1: Foul Ball, location: 2F
1-2: Ball
2-2: Foul Ball, location: 2F
2-2: Foul Ball, location: 2F
2-2: Ball
3-2: Strikes out swinging
Pitching: RHP Ramón Estrada
Batting: RHB Cisco Gatán 0-0: Fly out, F9 (Line Drive, 9)
Batting: LHB Donovan Bird 0-0: Called Strike
0-1: Ball
1-1: Fly out, F3 (Line Drive, 34)
Bottom of the 6th over - 0 run(s), 1 hit(s), 0 error(s), 2 left on base; Austin 0 - Vista 8
TOP OF THE 7TH
Austin River Sharks batting - Pitching for Vista Panthers : RHP Dave Jackson
Pitching: LHP Mario Tobías
Batting: LHB Pedro Zaragoza 0-0: Ball
1-0: Foul Ball, location: 2F
1-1: Ball
2-1: Ball
3-1: Fly out, F5 (Popup, 5L)
Batting: RHB Kenneth Roberts 0-0: Called Strike
0-1: DOUBLE (Line Drive, 7LS)
Batting: LHB Harry Pitts 0-0: Called Strike
0-1: Called Strike
0-2: Ball
1-2: Strikes out swinging
Batting: LHB Terry Maloney 0-0: Foul Ball, location: 2F
0-1: Ball
1-1: Foul Ball, location: 2F
1-2: Ball
2-2: SINGLE (Groundball, 56D)
Kenneth Roberts to third
Runner from 3rd tries for Home, SAFE, no throw
Batting: RHB Clark Hodge 0-0: Ball
Wild Pitch!
Terry Maloney to second
1-0: Fly out, F4 (Line Drive, 4M)
Top of the 7th over - 1 run(s), 2 hit(s), 0 error(s), 1 left on base; Austin 1 - Vista 8
BOTTOM OF THE 7TH
Vista Panthers batting - Pitching for Austin River Sharks : RHP Ramón Estrada
Batting: RHB Salvador Salas 0-0: Ball
1-0: Swinging Strike
1-1: Foul Ball, location: 2F
1-2: Ball
2-2: Foul Ball, location: 2F
2-2: SINGLE (Flyball, 78S)
Batting: LHB Francisco Marino 0-0: Ball
1-0: Called Strike
1-1: Called Strike
1-2: Foul Ball, location: 2F
1-2: Ball
2-2: SINGLE (Line Drive, 6MD)
Salvador Salas to second
Batting: SHB Mark Wells 0-0: DOUBLE (Flyball, 7LM)
Salvador Salas scores
Francisco Marino to third
Runner from 3rd tries for Home, throw and OUT!
Mark Wells to third
Batting: RHB Justin Burgess 0-0: Ball
1-0: Foul Ball, location: 2F
1-1: Ground out 4-3 (Groundball, 4)
Mark Wells scores
Batting: RHB John Mendelson 0-0: Ball
1-0: Ground out 6-3 (Groundball, 6)
Bottom of the 7th over - 2 run(s), 3 hit(s), 0 error(s), 0 left on base; Austin 1 - Vista 10
TOP OF THE 8TH
Austin River Sharks batting - Pitching for Vista Panthers : LHP Mario Tobías
Batting: SHB Juan Acevado 0-0: Foul Ball, location: 2F
0-1: Swinging Strike
0-2: Ground out U3 (Groundball, 34S)
Batting: RHB Eric Neal 0-0: Called Strike
0-1: Ball
1-1: Ball
2-1: Ground out 6-3 (Groundball, 6)
Batting: RHB Carlos Guzmán 0-0: Ball
1-0: Ball
2-0: Foul Ball, location: 2F
2-1: Fly out, F9 (Flyball, 9LMF)
Top of the 8th over - 0 run(s), 0 hit(s), 0 error(s), 0 left on base; Austin 1 - Vista 10
BOTTOM OF THE 8TH
Vista Panthers batting - Pitching for Austin River Sharks : RHP Ramón Estrada
Batting: RHB Roberto Cruz 0-0: Ball
1-0: Called Strike
1-1: Foul Ball, location: 2F
1-2: Ball
2-2: Foul Ball, location: 2F
2-2: Ball
3-2: Foul Ball, location: 2F
3-2: Foul Ball, location: 2F
3-2: Ground out 5-3 (Groundball, 56)
Batting: LHB Bob Cunningham 0-0: Ball
1-0: Foul Ball, location: 2F
1-1: Swinging Strike
1-2: Ground out U3 (Groundball, 3S)
Batting: RHB Cisco Gatán 0-0: Called Strike
0-1: Ground out 4-3 (Groundball, 4)
Bottom of the 8th over - 0 run(s), 0 hit(s), 0 error(s), 0 left on base; Austin 1 - Vista 10
TOP OF THE 9TH
Austin River Sharks batting - Pitching for Vista Panthers : LHP Mario Tobías
Pinch Hitting: RHB Cristián Peña 0-0: Ground out 3-1 (Groundball, 34)
Batting: LHB Pedro Zaragoza 0-0: Called Strike
0-1: Ball
1-1: SINGLE (Groundball, 6D)
Batting: RHB Kenneth Roberts 0-0: Foul Ball, location: 2F
0-1: Ball
1-1: Called Strike
1-2: Foul Ball, location: 2F
1-2: Fly out, F7 (Flyball, 7S)
Batting: LHB Harry Pitts 0-0: Swinging Strike
0-1: Ball
1-1: Called Strike
1-2: Ball
2-2: Ball
3-2: Strikes out swinging
Top of the 9th over - 0 run(s), 1 hit(s), 0 error(s), 1 left on base; Austin 1 - Vista 10
Thursday, March 30th, 2017 - OOTP Baseball 17.12 Build 75